Workbook
Name _Hlk72848412: Attestation!$B$15

Sheet page de garde
B1: VILLE DE LAMOTTE-BEUVRON
B3: FORMULAIRE DE SUBVENTION
B4: COMMUNALE
B6: ANNEE 2027
B8: Nom de l’association
D14: Montant demandé :
B18: Documents à joindre à votre demande
C20: Le présent formulaire dûment complété
C21: Le dernier compte rendu de l'assemblée générale
B23: Les documents suivants devront également être transmis s’il s’agit d’une première demande
B24: ou si des modifications ont eu lieu depuis la dernière demande de subvention :
C26: Statuts de l'association et copie publication au JO
C27: Le récépissé de déclaration de création ou modification délivré en Préfecture.
C28: La composition du bureau et/ou conseil d’administration.
C29: Un relevé d’identité bancaire ou postal de l’association.
B32: Dossier à remettre en mairie avant le : lundi 16 novembre 2026
C34: à l’adresse électronique : viesociale@lamotte-beuvron.fr
C35: (Merci de prioriser l’envoi du fichier par mail)
C36: ou
C37: par courrier à l’adresse postale : Mairie de LAMOTTE-BEUVRON
C38: 41 avenue de l'Hôtel de Ville - 41600 Lamotte-Beuvron
C41: Attention ! Toute demande reçue hors délai ne sera pas traitée

Sheet identification
B1: IDENTIFICATION DE L’ASSOCIATION
B3: 1) IDENTIFICATION DE L'ASSOCIATION
B4: Adresse du siège social :
B6: Code postal : | D6: Commune :
B7: Téléphone :
B8: Adresse Mail de contact avec la mairie :
B10: Site Internet :
B11: Page Facebook :
B13: 2) RENSEIGNEMENTS ADMINISTRATIFS ET JURIDIQUES
B14: Nom et Prénom du représentant légal :
B15: Numéro SIRET | E15: Code APE – NAP
B16: Création : date de publication au Journal Officiel
B17: Numéro récépissé en Préfecture
B18: N° d’agrément Sports
B19: Date d’agrément Sports
B21: 3) BUREAU DE L'ASSOCIATION
B22: Président
B23: Nom Prénom : | F23: Téléphone :
B24: Adresse :
B25: Email :
B26: Trésorier
B27: Nom Prénom : | F27: Téléphone :
B28: Adresse :
B29: Email :
B30: Secrétaire
B31: Nom Prénom : | F31: Téléphone :
B32: Adresse :
B33: Email :
B34: Autre contact (personne désignée par les statuts)
B35: Nom Prénom : | F35: Téléphone :
B36: Adresse :
B37: Email :
B38: Autre contact (personne désignée par les statuts)
B39: Nom Prénom : | F39: Téléphone :
B40: Adresse :
B41: Email :

Sheet Fonctionnement 1
B1: FONCTIONNEMENT DE L’ASSOCIATION
B2: 1) ADHERENTS
C3: Nombre d'adhérents : | F3: au 1er Décembre
F4: TOTAL
C5: 0-6 ans
C6: 7-12 ans
C7: 13-18 ans
C8: >18 ans
C9: + 40 ans
C10: Dirigeants et/ou Bénévoles
C11: TOTAL | F11: =SUM(F5:G10) -> 0
C13: LAMOTTOIS | E13: AUTRES COMMUNES | G13: TOTAL
B14: - 18 ans | G14: =SUM(C14:F14) -> 0
B15: + 18 ans | G15: =SUM(C15:F15) -> 0
B16: TOTAL | C16: =SUM(C14:D15) -> 0 | E16: =SUM(E14:F15) -> 0
B17: 2) Moyens humains
B18: Diplômés : encadrants,animateurs
B19: Nom | D19: Prénom | F19: Fonction | H19: CDI, CDD ou Autre
B26: 3) COTISATIONS
C27: Montant de l'adhésion | E27: Montant de la licence | G27: Fonds propres sur une adhésion
B28: - 18 ans
B29: + 18 ans
B30: + 40 ans
B31: Bénévoles
B32: S’il est prévu une grille de tarifs différents selon des tranches d’âges, veuillez la joindre SVP

Sheet Fonctionnement 2
B2: 4) Activités hebdomadaire (lieu et horaires)
B3: Jours | C3: Horaires | E3: Lieux | G3: Publics concernés
B4: Lundi | G4: Adultes Jeunes
B5: Mardi | G5: Adultes Jeunes
B6: Mercredi | G6: Adultes Jeunes
B7: Jeudi | G7: Adultes Jeunes
B8: Vendredi | G8: Adultes Jeunes
B9: Samedi | G9: Adultes Jeunes
B10: Dimanche | G10: Adultes Jeunes
B12: 5) Manifestations du club
B13: Evènements (exemples : repas du club, assemblée générale, Réunion, Tournois match, stage, etc…)
F14: Participation | H14: Organisation
F15: Participation | H15: Organisation
F16: Participation | H16: Organisation
F17: Participation | H17: Organisation
F18: Participation | H18: Organisation
F19: Participation | H19: Organisation
F20: Participation | H20: Organisation
F21: Participation | H21: Organisation
F22: Participation | H22: Organisation
F23: Participation | H23: Organisation
F24: Participation | H24: Organisation
F25: Participation | H25: Organisation
... F34: Participation | H34: Organisation

Sheet Bilan 1
B1: BILANS FINANCIERS
B2: 1) CHARGES
D3: MONTANT N-1 | F3: MONTANT N | H3: MONTANT PREVISIONNEL
D4: 2025 | F4: 2026 | H4: 2027
B5: 60 ACHAT | D5: =D7+D8+D9+D11+D12+D13+D14+D15+D16+D17 -> 0 | F5: =F7+F8+F9+F11+F12+F13+F14+F15+F16+F17 -> 0 | H5: =H7+H8+H9+H11+H12+H13+H14+H15+H16+H17 -> 0
B6: Fournitures non Stockées
B7: Carburant
B8: Réception
B9: Buvette (boissons, alimentation,…)
B10: Fournitures
B11: d'entretien
B12: Petit équipement
B13: Bureau
B14: Matériel sportif
B15: Equipement Vêtement
B16: Autres Matériels (à préciser)
B18: 61 SERVICES EXTERIEURS | D18: =SUM(D19:E26) -> 0 | F18: =SUM(F19:G26) -> 0 | H18: =SUM(H19:I26) -> 0
B19: Location
B20: Travaux Entretien
B21: Réparations véhicules
B22: Frais de blanchissage et nettoyage
B23: Assurance
B24: Documentation
B25: Autres (à préciser)
B27: 62 AUTRES SERVICES EXTERIEURS | D27: =SUM(D29:E38) -> 0 | F27: =SUM(F29:G38) -> 0 | H27: =SUM(H29:I38) -> 0
B28: Communication
B29: Frais Postaux
B30: Frais de secrétariat
B31: Téléphonie
B32: Abonnement
B33: Publicité, Publication
B34: Services Bancaires
B35: Frais de déplacements, missions
B36: Autres (à préciser)

Sheet Bilan 2
B1: Sous total du 62 AUTRES SERVICES EXTERIEURS | D1: =SUM(D3:E7,D9:E14) -> 0 | F1: =SUM(F3:G7,F9:G14) -> 0 | H1: =SUM(H3:I7,H9:I14) -> 0
B2: Sportifs
B3: Transports Individuels
B4: Transports Collectifs
B5: Réceptions Equipes-groupes
B6: Formation, stage,
B7: Inscriptions Compétitions
B8: Achats de Licences
B9: Licences Jeunes
B10: Licences Séniors
B11: Licences Dirigeants
B12: Amendes
B13: Arbitrage, Consultants, Juge
B14: Autres
B15: 63 IMPOTS et TAXES | D15: =SUM(D16:E18) -> 0 | F15: =SUM(F16:G18) -> 0 | H15: =SUM(H16:I18) -> 0
B16: Impôts et Taxes sur rémunération
B17: Autres Impôts et taxes
B18: Autres
B19: 64 CHARGES DE PERSONNEL | D19: =SUM(D20:E25) -> 0 | F19: =SUM(F20:G25) -> 0 | H19: =SUM(H20:I25) -> 0
B20: Rémunération des personnels
B21: Charges Sociales
B22: Autres charges
B23: Autres charges de personnel
B24: Autres
B26: 65 AUTRES CHARGES GESTION COURANTE | D26: =SUM(D27:E32) -> 0 | F26: =SUM(F27:G32) -> 0 | H26: =SUM(H27:I32) -> 0
B27: Tournois/compétitions/évènements
B28: Loto
B29: Fêtes
B30: Autres
B33: 66 CHARGES FINANCIERES | D33: =SUM(D34:E36) -> 0 | F33: =SUM(F34:G36) -> 0 | H33: =SUM(H34:I36) -> 0
B34: Charges d'intérêts
B35: Autres Charges Financières
B36: Autres
B37: 67 CHARGES EXCEPTIONNELLES | D37: =SUM(D38:E39) -> 0 | F37: =SUM(F38:G39) -> 0 | H37: =SUM(H38:I39) -> 0
B40: 68 DOTATIONS AUX AMORTISSEMENTS | D40: =SUM(D41:E42) -> 0 | F40: =SUM(F41:G42) -> 0 | H40: =SUM(H41:I42) -> 0
B43: TOTAL DES CHARGES | D43: =D40+D37+D33+D26+D19+D15+D1+'Bilan 1'!D27:E27+'Bilan 1'!D18:E18+'Bilan 1'!D5:E5 -> 0 | F43: =F40+F37+F33+F26+F19+F15+F1+'Bilan 1'!F27:G27+'Bilan 1'!F18:G18+'Bilan 1'!F5:G5 -> 0 | H43: =H40+H37+H33+H26+H19+H15+H1+'Bilan 1'!H27:I27+'Bilan 1'!H18:I18+'Bilan 1'!H5:I5 -> 0

Sheet Bilan 3
B1: BILANS FINANCIERS
B3: 1) PRODUITS
D4: MONTANT N-1 | F4: MONTANT N | H4: MONTANT PREVISIONNEL
D5: 2025 | F5: 2026 | H5: 2027
B6: 70 Produits des services | D6: =SUM(D8:E11,D13,D15:E19) -> 0 | F6: =SUM(F8:G11,F13,F15:G19) -> 0 | H6: =SUM(H8:I11,H13,H15:I19) -> 0
B7: Vente de produits finis
B8: Vente de calendriers, vêtements….
B9: Fournitures non stockées (alimentation, buvette)
B10: Autres (à préciser)
B12: Prestations de service
B13: Service facturés
B14: Animations
B15: Tournois
B16: Loto
B17: Fêtes
B18: Autres (à préciser)
B20: 73 Dotations et produits de tarification | D20: =SUM(D21) -> 0 | F20: =SUM(F21) -> 0 | H20: =SUM(H21) -> 0
B22: 74 Subventions | D22: =SUM(D24:E25,D27:E29,D31:E33,D35:E35,D37:E37) -> 0 | F22: =SUM(F24:G25,F27:G29,F31:G33,F35:G35,F37:G37) -> 0 | H22: =SUM(H24:I25,H27:I29,H31:I33,H35:I35,H37:I37) -> 0
B23: Etat : précisez le(s) ministère(s) sollicité(s)
B24: CDNS
B25: Subvention fédérale
B26: Autres :
B28: Région(s) :
B29: Département(s) :
B30: Communes (à préciser)
B31: Lamotte-Beuvron
B34: Organismes sociaux (à préciser)
B36: Fonds européens (à préciser)

Sheet Bilan 4
B1: BILANS FINANCIERS
B2: 2) PRODUITS
D3: MONTANT N-1 | F3: MONTANT N | H3: MONTANT PREVISIONNEL
D4: 2025 | F4: 2026 | H4: 2027
B5: 75 Autres produits de gestion courante | D5: =SUM(D6:E11) -> 0 | F5: =SUM(F6:G11) -> 0 | H5: =SUM(H6:I11) -> 0
B6: Licences jeunes
B7: Licences adultes
B8: Cotisations
B9: Location
B10: Partenariat d'entreprises
B11: Dons et mécénats
B12: 76 - Produits financiers | D12: =SUM(D13:E14) -> 0 | F12: =SUM(F13:G14) -> 0 | H12: =SUM(H13:I14) -> 0
B13: Parts sociales
B14: Livret A, actions
B15: 77 produits exceptionnels | D15: =SUM(D16:E17) -> 0 | F15: =SUM(F16:G17) -> 0 | H15: =SUM(H16:I17) -> 0
B16: voiture
B17: voiture
B18: 78 Reprises sur amortissements et provisions | D18: =SUM(D19:E20) -> 0 | F18: =SUM(F19:G20) -> 0 | H18: =SUM(H19:I20) -> 0
B19: voiture
B20: voiture
B21: TOTAL DES PRODUITS | D21: =D5+D12+D15+D18+D26+'Bilan 3'!D22:E22+'Bilan 3'!D20:E20+'Bilan 3'!D6:E6 -> 0 | F21: =F5+F12+F15+F18+F26+'Bilan 3'!F22:G22+'Bilan 3'!F20:G20+'Bilan 3'!F6:G6 -> 0 | H21: =H5+H12+H15+H18+H26+'Bilan 3'!H22:I22+'Bilan 3'!H20:I20+'Bilan 3'!H6:I6 -> 0
B22: Excédent (Bénéfices)
B23: Valorisation du bénévolat et des avantages en nature
D24: MONTANT N-1 | F24: MONTANT N | H24: MONTANT PREVISIONNEL
D25: 2025 | F25: 2026 | H25: 2027
B26: 86 Emplois des contributions volontaires en natures | D26: =SUM(D27:E29) -> 0 | F26: =SUM(F27:G29) -> 0 | H26: =SUM(H27:I29) -> 0
B27: Coût estimé du personnel bénévole
B28: Coût estimé de la mise à disposition gratuite de biens et prestations
B29: Coût estimé du secours en nature
B30: TOTAL DES CHARGES AVEC VALORISATION | D30: ='Bilan 2'!D43:E43+D26 -> 0 | F30: ='Bilan 2'!F43:G43+F26 -> 0 | H30: ='Bilan 2'!H43:I43+H26 -> 0
B31: 87 Contributions volontaires en nature | D31: =SUM(D32:E34) -> 0 | F31: =SUM(F32:G34) -> 0 | H31: =SUM(H32:I34) -> 0
B32: Valorisation du bénévolat (=coût estimé du bénévolat)
B33: Prestations en nature (= coût estimé de l'avantage en nature biens ou prestations)
B34: Dons en nature (= coût estimé du secours en nature)
B35: TOTAL DES PRODUITS AVEC VALORISATION | D35: =D21+D31 -> 0 | F35: =F21+F31 -> 0 | H35: =H21+H31 -> 0

Sheet Projet
B1: PROJET – OBJET DE LA DEMANDE
B3: 1) Intitulé :
B8: pour saisir plusieurs lignes ALT+entrée
B9: 2) Objectifs :
B18: pour saisir plusieurs lignes ALT+entrée
B19: 3) Description :
B40: pour saisir plusieurs lignes ALT+entrée

Sheet Attestation
B2: ATTESTATION SUR L'HONNEUR
B4: Le droit d’accès aux informations prévues par la loi n° 78-17 du 6 janvier 1978 relative à l’informatique, aux fichiers et aux libertés s’exerce auprès du service ou de l’Etablissement auprès duquel vous avez déposé votre dossier.
B7: Je soussigné(e),
B9: représentant(e) légal(e) de l’association,
B11: ='page de garde'!B10:I10 -> 0
B13: Si le signataire n'est pas le représentant légal de l'association, merci de joindre le pouvoir lui permettant d'engager celle-ci.
B15: Déclare sur l’honneur :
B16: w | C16: que est à jour de ses obligations administratives, comptables, sociales et fiscales (déclarations et paiements correspondants) ;
B17: w | C17: que l’association souscrit au contrat d’engagement républicain annexé au décret pris pour l’application de l’article 10-1 de la loi n° 2000-321 du 12 avril 2000 relative aux droits des citoyens dans leurs relations avec les administrations ;
B18: w | C18: exactes et sincères les informations du présent formulaire, notamment relatives aux demandes de subventions déposées auprès d'autres financeurs publics ;
B19: w | C19: que l'association respecte les principes et valeurs de la Charte des engagements réciproques conclue le 14 février 2014 entre l'État, les associations d'élus territoriaux et le Mouvement associatif, ainsi que les déclinaisons de cette charte ;
B20: w | C20: demander, une subvention de | F20: ='page de garde'!F14:I14 -> 0
B21: w | C21: que cette subvention, si elle est accordée, sera versée au compte bancaire de l’association (joindre un RIB)
B24: Nom du titulaire du compte
B26: Banque ou centre
B28: Domiciliation
B30: BIC
B33: Code Banque / Etablissement | D33: Code guichet | F33: Numéro de compte | H33: Clé RIB / RIP
C37: Fait, le | F37: à
E39: Signature
